 Dungeon Crawl Stone Soup version 0.23-a0-636-g0ff6057 (webtiles) character file.

628 Wurzel the Magician (level 7, -2/51 HPs)
             Began as a Mummy Venom Mage on Dec 29, 2018.
             Slain by a sky beast (6 damage)
             ... on level 4 of the Dungeon.
             The game lasted 00:16:37 (5586 turns).

Wurzel the Magician (Mummy Venom Mage)              Turns: 5586, Time: 00:16:38

Health: -2/51      AC:  5    Str: 13    XL:     7   Next: 23%
Magic:  14/14      EV: 12    Int: 14    God:
Gold:   218        SH:  0    Dex: 13    Spells: 9/16 levels left

rFire    x . .     SeeInvis .   i - +4 short sword
rCold    + . .     Gourm    .   (no shield)
rNeg     + + +     Faith    +   a - +0 robe
rPois    ∞         Spirit   .   (no helmet)
rElec    .         Reflect  .   g - +2 cloak
rCorr    .         Harm     .   (no gloves)
MR       .....                  (no boots)
Stlth    ++........             p - amulet of faith
HPRegen  0.17/turn              (no ring)
MPRegen  0.14/turn              (no ring)

@: no status effects
A: no food or potions, fire vulnerability, cold resistance 1, negative energy
resistance 3, torment resistance, unbreathing
a: no special abilities


You were on level 4 of the Dungeon.
You were not hungry.

You visited 1 branch of the dungeon, and saw 5 of its levels.
You also visited: Sewer.

You collected 218 gold pieces.

Inventory:

Hand Weapons
 d - a +0 club
 e - a +0 dagger
 f - a +0 dagger of holy wrath
 i - a +4 short sword (weapon)
 t - a +0 trident
Missiles
 c - 216 stones (quivered)
 k - 4 tomahawks
Armour
 a - a +0 robe (worn)
 g - a +2 cloak (worn)
 o - a +2 cloak of magic resistance
Jewellery
 b - an uncursed ring of ice
 p - an amulet of faith (around neck)
 s - a cursed -3 ring of protection
Wands
 l - a wand of iceblast (17)
 m - a wand of clouds (3)
Scrolls
 h - 2 scrolls of identify
 j - a scroll of fog
 n - a scroll of random uselessness {unknown}
 q - 2 scrolls of remove curse
 r - a scroll of teleportation {unknown}
 u - a scroll of immolation {unknown}
 v - a scroll of amnesia {unknown}


   Skills:
 * Level 2.4 Fighting
 + Level 1.5 Short Blades
 - Level 1.5 Dodging
 - Level 1.5 Stealth
 + Level 5.1 Spellcasting
 + Level 1.0 Conjurations
 * Level 3.4 Air Magic
 + Level 3.9 Poison Magic


You had 9 spell levels left.
You knew the following spells:

 Your Spells              Type           Power        Failure   Level  Hunger
a - Sting                 Conj/Pois      ##..         6%          1    N/A
b - Poisonous Vapours     Pois/Air       ##....       6%          2    N/A
c - Olgreb's Toxic Radia  Pois           ##......     34%         4    N/A

Your spell library contained the following spells:

 Spells                   Type           Power        Failure   Level  Hunger
 Mephitic Cloud           Conj/Pois/Air  ##......     16%         3    N/A
 Venom Bolt               Conj/Pois      ##........   86%         5    N/A

Dungeon Overview and Level Annotations

Branches:
Dungeon (5/15)
 Temple: D:4-7

Altars:
Ashenzari
Fedhas
Okawaru

Annotations:
D:4 exclusions: downstairs and 1 more exclusion
D:5 Grinder


Innate Abilities, Weirdness & Mutations

You do not eat or drink.
Your flesh is vulnerable to fire.
You are immune to poison.
Your flesh is cold resistant. (rC+)
You are immune to negative energy. (rN+++)
You are immune to unholy pain and torment.
You can survive without breathing.


Message History

Press: ? - help, Dir - move target cursor, f/p - sky beast
Aim: a sky beast (moderately wounded) Poisonous vapours surround the sky beast!
The sky beast is engulfed in poison gas.
The sky beast is poisoned.
The sky beast hits you.
* * * LOW HITPOINT WARNING * * *
The sky beast shocks you.
* * * LOW HITPOINT WARNING * * *
The sky beast flickers out of sight!
Deactivating autopickup; reactivate with Ctrl-A.
A sky beast appears from thin air!
Reactivating autopickup.
The sky beast flickers out of sight!
Deactivating autopickup; reactivate with Ctrl-A.
A sky beast appears from thin air!
Reactivating autopickup.
The sky beast hits you.
* * * LOW HITPOINT WARNING * * *
The sky beast shocks you.
You die...

#.....# #.# #####.# #.# #.#
#.# #.# #.## #.# #...
############## #.# ####
#.........##.## #.#
#)#######.#.#.########.#
######## #<#
#.......@......# #.......
#.# #......Y≈......#
#.###### #.#
###..#.#.#####...###.######
#.#
#.......######.............
#.#
#.#.#................#####.
#.# #.#.#.########....####
#. #.## #.#.#.# #...Y.....#
#. #!)# #.#.#.###.####....#
#. ##)# #.#.#§....# ##.###
#.


You could see a sky beast.

Vanquished Creatures
  2 bullfrogs (Sewer)
  A bullfrog skeleton (D:5)
  A hound (D:4)
  An orc wizard (D:5)
  3 worker ants
  An iguana (D:5)
  A worker ant zombie (D:5)
  Robin (D:3)
  13 adders
  2 river rats (D:4)
  2 shadow imps (D:5)
  An ooze (D:5)
  5 worms
  5 dart slugs
  3 leopard geckos
  9 orcs
  6 ball pythons
  8 giant cockroaches
  11 hobgoblins
  8 jackals
  5 kobolds
  A quokka (D:5)
  6 bats
  7 frilled lizards
  12 goblins
  A jackal skeleton (D:4)
  A quokka skeleton (D:5)
  12 rats
129 creatures vanquished.

Notes
Turn   | Place    | Note
-------+----------+-------------------------------------------
     0 | D:1      | Wurzel the Mummy Venom Mage began the quest for the Orb.
     0 | D:1      | Reached XP level 1. HP: 13/13 MP: 4/4
   238 | D:1      | Reached skill level 3 in Spellcasting
   337 | D:1      | Reached XP level 2. HP: 19/19 MP: 3/6
   415 | D:1      | Learned a level 2 spell: Poisonous Vapours
   419 | D:1      | Reached skill level 1 in Conjurations
  1416 | D:2      | Reached XP level 3. HP: 24/24 MP: 1/7
  1477 | D:2      | Reached skill level 1 in Air Magic
  2569 | D:3      | Reached XP level 4. HP: 30/30 MP: 4/9
  3047 | D:3      | Noticed Robin
  3053 | D:3      | Killed Robin
  3068 | D:3      | Reached skill level 4 in Spellcasting
  3441 | D:3      | Learned a level 4 spell: Olgreb's Toxic Radiance
  3683 | D:4      | Reached XP level 5. HP: 33/36 MP: 2/11
  3743 | D:4      | Reached skill level 1 in Fighting
  3817 | D:4      | Found a glowing drain.
  3822 | Sewer    | Entered a sewer
  4061 | Sewer    | Reached skill level 1 in Short Blades
  4061 | Sewer    | Reached XP level 6. HP: 29/43 MP: 7/12
  4881 | D:5      | Entered Level 5 of the Dungeon
  4912 | D:5      | Found a shattered altar of Ashenzari.
  4932 | D:5      | Noticed Grinder
  4957 | D:4      | Reached skill level 5 in Spellcasting
  5076 | D:5      | Reached XP level 7. HP: 44/50 MP: 7/14
  5243 | D:5      | Found an iron altar of Okawaru.
  5273 | D:5      | Found a blossoming altar of Fedhas.
  5408 | D:5      | Paralysed by Grinder for 4 turns
  5545 | D:4      | HP: 2/51 [sky beast (6)]
  5586 | D:4      | Slain by a sky beast

Vault maps used:
D:1:      tarquinn_simple_flora_water_b
D:2:      st_stairs_5
D:3:      first_ration, uniq_robin
D:4:      enter_ossuary_2, lightli_sewer_entry_pipes, chequers_mini_garden,
          item_on_display_a
D:5:      okawaru_ov_weapons_minmay, cheibrodos_ashenzari_chains,
          kennysheep_mini_moat, basic_altar, uniq_grinder
Sewer:    sewer_frog_island_01

Skill      XL: |  1  2  3  4  5  6 |
---------------+-------------------+-----
Spellcasting   | 3 4 5 |  5.1
Conjurations   | 1 |  1.0
Air Magic      | 1 2 3 |  3.4
Poison Magic   | 3 |  3.9
Fighting       | 1 2 |  2.4
Short Blades   | 1 |  1.5
Dodging        | |  1.5
Stealth        | |  1.5

Action                   |  1- 3 |  4- 6 |  7- 9 || total
-------------------------+-------+-------+-------++-------
Melee: Unarmed           |     2 |       |       ||     2
       Dagger            |     5 |       |       ||     5
       Short sword       |     7 |   129 |    50 ||   186
 Cast: Sting             |    15 |       |       ||    15
       Poisonous Vapours |    44 |    86 |    11 ||   141
  Use: Scroll            |     2 |     3 |       ||     5
 Stab: Sleeping          |       |     3 |       ||     3
Armor: Robe              |     6 |    43 |    12 ||    61
Dodge: Dodged            |    26 |    85 |    27 ||   138

Table legend:
 A = Non-vault XP
 B = Vault XP
 C = Vault XP percentage of total XP
 D = Non-vault monster count
 E = Vault monster count
 F = Vault count percentage of total count
                 A         B        C        D         E       F
            +---------+---------+-------+---------+---------+-------
      Total |     539 |     359 |  40.0 |      85 |      44 |  34.1
            +---------+---------+-------+---------+---------+-------
        D:1 |      36 |       0 |   0.0 |      18 |       0 |   0.0
        D:2 |      41 |       7 |  14.6 |      10 |       3 |  23.1
        D:3 |      41 |      35 |  46.1 |      22 |      12 |  35.3
        D:4 |     200 |      69 |  25.7 |      20 |      12 |  37.5
        D:5 |     221 |       0 |   0.0 |      15 |       0 |   0.0
      Sewer |       0 |     248 | 100.0 |       0 |      17 | 100.0
            +---------+---------+-------+---------+---------+-------
